 Dungeon Crawl Stone Soup version 0.28.0-45-g0d030f2227 (webtiles) character file.

Game seed: 8183082874026698335

310 GigaChad the Slasher (level 6, 0/51 HPs)
             Began as a Palentonga Fighter on Apr 12, 2022.
             Succumbed to Robin's poison
             ... on level 3 of the Dungeon.
             The game lasted 00:08:31 (2412 turns).

GigaChad the Slasher (Palentonga Fighter)           Turns: 2412, Time: 00:08:32

Health: 0/51       AC: 11    Str: 19    XL:     6   Next: 17%
Magic:  6/6        EV:  5    Int:  8    God:
Gold:   84         SH:  5    Dex: 20    Spells: 5/5 levels left

rFire   . . .      SeeInvis +   a - +0 long sword
rCold   . . .      Faith    .   c - +0 buckler
rNeg    . . .      Spirit   .   h - +1 chain mail
rPois   +          Reflect  .   (no helmet)
rElec   .          Harm     .   (no cloak)
rCorr   .          Rampage  .   (no gloves)
Will    .....                   (no barding)
Stlth   ..........              s - amulet of regeneration
HPRegen 0.17/turn               j - +6 ring of dexterity
MPRegen 0.10/turn               o - ring of poison resistance

@: mighty, lethally poisoned (0 -> -11)
A: large, rugged brown scales 3, see invisible, deformed body, roll 1, armoured
tail, talons 1, iridescent scales 1, agile 1
a: Rolling Charge


You were on level 3 of the Dungeon.
You visited 1 branch of the dungeon, and saw 3 of its levels.

You collected 84 gold pieces.

Inventory:

Hand Weapons
 a - a +0 long sword (weapon)
 r - a +0 trident
Armour
 b - a +0 scale mail
 c - a +0 buckler (worn)
 h - a +1 chain mail (worn)
Jewellery
 j - a +6 ring of dexterity (left hand)
 o - a ring of poison resistance (right hand)
 p - an amulet of magic regeneration
 s - an amulet of regeneration (around neck)
Wands
 q - a wand of flame (13)
Scrolls
 f - a scroll of identify
 i - a scroll of blinking {unknown}
 m - a scroll of enchant armour
 n - a scroll of noise
Potions
 e - a potion of resistance {unknown}
 g - 2 potions of curing {unknown}
 k - a potion of invisibility {unknown}
 l - a potion of haste {unknown}


   Skills:
 + Level 3.9 Fighting
 + Level 4.2 Long Blades
 + Level 3.5 Armour
 + Level 0.7 Dodging
 + Level 3.2 Shields


You had 5 spell levels left.
You didn't know any spells.
Your spell library contained the following spells:

 Spells                   Type           Power      Damage    Failure   Level
 Sandblast                Erth           0%         2d4       99%         1
 Passwall                 Tmut/Erth      0%         N/A       100%        2
 Stone Arrow              Conj/Erth      0%         3d7       100%        3


Dungeon Overview and Level Annotations

Branches:
Dungeon (3/15)

Altars:

Annotations:
D:3 Robin


Innate Abilities, Weirdness & Mutations

You are completely covered in rugged brown scales. (AC +3, +7% HP)
You have supernaturally acute eyesight. (SInv)
Armour fits poorly on your strangely shaped body.
You can roll at nearby foes to attack.
You have a long armoured tail.
You have sharp toenails.
You are partially covered in iridescent scales. (AC +2)
You are agile. (Dex +2)


Message History

The goblin hits you with a +0 club.
* * * LOW HITPOINT WARNING * * *
You block the hobgoblin's attack. The goblin hits you but does no damage.
You barely miss the goblin. The goblin hits you but does no damage.
The hobgoblin barely misses you.
Robin roars a battlecry!
The goblins go into a battle-frenzy!
The goblin hits you but does no damage.
The hobgoblin hits you but does no damage.
You barely miss the goblin. Your kick misses the goblin.
You tail-slap the goblin.
The goblin is severely wounded.
The goblin hits you but does no damage.
The hobgoblin hits you but does no damage.
The rat twitches its whiskers.
You block the rat's attack. Robin hits you but does no damage.
You block the goblin's attack.
The hobgoblin hits you but does no damage.
The goblin hits you but does no damage.
The hobgoblin hits you but does no damage.
You slash the hobgoblin!
You kill the hobgoblin!
The hobgoblin no longer looks unusually strong. x2
The rat barely misses you.
Robin laughs in a distinctly smug fashion.
You block Robin's attack. The goblin hits you with a +0 club.
* * * LOW HITPOINT WARNING * * *
The goblin completely misses you. The rat bites you but does no damage.
Robin roars a battlecry!
The hobgoblins go into a battle-frenzy!
You hit the goblin.
You kill the goblin!
The goblin barely misses you. You block the rat's attack.
You block the hobgoblin's attack.
Robin hits you from afar with a +0 spear of venom.
* * * LOW HITPOINT WARNING * * *
You are lethally poisoned!
The hobgoblin closely misses you.
You closely miss the hobgoblin.
You die...

#.###...##.....# #
#...##.....######
......+..))).....#
###...##.....##.....
#...##.....# ....
#...##.....# . .
#....g# .
..##..grg##....
......g@g......
...########.... ##.
... # .. .


You could see Robin, 3 hobgoblins, a goblin (strong) and a rat.

Vanquished Creatures
  Grinder (D:3)
  Terence (D:3)
  2 adders (D:2)
  A dart slug (D:2)
  6 orcs
  5 ball pythons
  10 bats
  5 endoplasms
  2 giant cockroaches (D:1)
  11 goblins
  8 hobgoblins
  3 quokkas
  5 frilled lizards
  3 kobolds
  8 rats
71 creatures vanquished.

Notes
Turn   | Place    | Note
-------+----------+-------------------------------------------
     0 | D:1      | GigaChad the Palentonga Fighter began the quest for the
                  | Orb.
     0 | D:1      | Reached XP level 1. HP: 19/19 MP: 1/1
   220 | D:1      | Reached XP level 2. HP: 12/25 MP: 2/2
   833 | D:1      | Reached XP level 3. HP: 23/31 MP: 3/3
  1323 | D:2      | Gained mutation: You are partially covered in iridescent
                  | scales. (AC +2) [potion of mutation]
  1323 | D:2      | Gained mutation: You are agile. (Dex +2) [potion of
                  | mutation]
  1323 | D:2      | Gained mutation: You have sharp toenails. [potion of
                  | mutation]
  1487 | D:2      | Reached skill level 3 in Long Blades
  1562 | D:2      | Reached XP level 4. HP: 35/37 MP: 4/4
  1960 | D:3      | Noticed Grinder
  1976 | D:3      | Paralysed by Grinder for 4 turns
  1989 | D:3      | Paralysed by Grinder for 7 turns
  1996 | D:3      | Killed Grinder
  1997 | D:3      | Reached skill level 4 in Long Blades
  1997 | D:3      | Reached XP level 5. HP: 30/44 MP: 5/5
  2298 | D:3      | Noticed Terence
  2307 | D:3      | Killed Terence
  2308 | D:3      | Reached XP level 6. HP: 34/51 MP: 6/6
  2387 | D:3      | Noticed Robin
  2412 | D:3      | Succumbed to Robin's poison

Illustrated notes

Levels and vault maps discovered:
D:1:      giann_forest_graveyard, layout_basic
D:2:      minmay_spotlight, layout_basic
D:3:      layout_basic, uniq_jessica, uniq_robin, uniq_terence, uniq_grinder

Skill      XL: |  1  2  3  4 |
---------------+-------------+-----
Long Blades    | 3 4 |  4.2
Armour         | 3 |  3.5
Shields        | 3 |  3.2
Fighting       | |  3.9
Dodging        | |  0.7

Action                   |  1- 3 |  4- 6 || total
-------------------------+-------+-------++-------
Melee: Long sword        |   127 |    61 ||   188
       Tailslap          |     8 |    12 ||    20
       Kick              |     1 |    18 ||    19
  Use: Scroll            |     4 |       ||     4
       Potion            |     1 |     1 ||     2
Armor: Scale mail        |    45 |       ||    45
       Chain mail        |   132 |    89 ||   221
Dodge: Dodged            |    74 |    27 ||   101
Block: Buckler           |    52 |    37 ||    89
